 Dungeon Crawl Stone Soup version 0.29-a0-284-gf9362112df (webtiles) character file.

Game seed: 17325117561729034778

133 rabbitsville the Changer (level 4, -2/37 HPs)
             Began as a Demigod Transmuter on Mar 27, 2022.
             Slain by a kobold
             ... wielding a +0 club
              (4 damage)
             ... on level 2 of the Dungeon.
             The game lasted 00:05:50 (2587 turns).

rabbitsville the Changer (Demigod Transmuter)       Turns: 2587, Time: 00:05:51

Health: -2/37      AC:  2    Str: 15    XL:     4   Next: 63%
Magic:  10/10      EV: 12    Int: 15    God:
Gold:   56         SH:  0    Dex: 14    Spells: 7/8 levels left

rFire   . . .      SeeInvis .   e - +1 dagger (flame)
rCold   . . .      Faith    .   (no shield)
rNeg    . . .      Spirit   .   a - +0 robe
rPois   .          Reflect  .   (helmet currently unavailable)
rElec   .          Harm     .   (no cloak)
rCorr   .          Rampage  .   (no gloves)
Will    .....                   (boots currently unavailable)
Stlth   +.........              (no amulet)
HPRegen 0.12/turn               (no ring)
MPRegen 0.12/turn               (no ring)

@: appendages (expiring)
A: horns 2, talons 2, high MP 1, forlorn, divine attributes, robust 1
a: End Transformation


You were on level 2 of the Dungeon.
You had temporarily grown beastly horns and talons.
You visited 1 branch of the dungeon, and saw 2 of its levels.

You collected 56 gold pieces.

Inventory:

Hand Weapons
 e - a +1 dagger of flaming (weapon)
Armour
 a - a +0 robe (worn)
Scrolls
 c - a scroll of fear {unknown}
 d - a scroll of enchant armour {unknown}
 f - 3 scrolls of immolation {unknown}
 g - 3 scrolls of identify {unknown}
 h - a scroll of teleportation {unknown}
 j - 2 scrolls of vulnerability {unknown}
Potions
 b - a potion of lignification
 i - 2 potions of mutation
 k - a potion of heal wounds {unknown}


   Skills:
 - Level 0.8 Fighting
 - Level 1.7 Dodging
 + Level 3.4 Unarmed Combat
 + Level 2.6 Spellcasting
 * Level 3.5 Transmutations


You had 7 spell levels left.
You knew the following spells:

 Your Spells              Type           Power      Damage    Failure   Level
a - Beastly Appendage     Tmut           24%        N/A       4%          1

Your spell library contained the following spells:

 Spells                   Type           Power      Damage    Failure   Level
 Wereblood                Tmut           12%        N/A       8%          2
 Summon Small Mammal      Summ           4%         N/A       22%         1
 Spider Form              Tmut/Pois      7%         N/A       30%         3
 Call Canine Familiar     Summ           1%         N/A       54%         3
 Summon Guardian Golem    Hex/Summ       1%         N/A       54%         3
 Ice Form                 Ice/Tmut       7%         N/A       69%         4


Dungeon Overview and Level Annotations

Branches:
Dungeon (2/15)


Innate Abilities, Weirdness & Mutations

You have temporarily grown beastly horns and talons.
You have an increased reservoir of magic. (+10% MP)
You shall have no god before yourself.
Your divine heritage dramatically boosts your attributes as you level up.
You are robust. (+10% HP)


Message History

You grow a pair of large bovine horns.
Your feet morph into talons.
The kobold throws a stone.
The stone hits you.
There is an open gate here.
You hit the kobold. You burn the kobold. Your headbutt misses the kobold.
The kobold is heavily wounded.
You barely miss the kobold. You claw the kobold.
You kill the kobold!
The kobold hits you with a +0 short sword.
You hit the kobold but do no damage.
The kobold hits you with a +0 short sword. x2
The kobold closely misses you.
You closely miss the kobold. Your kick misses the kobold.
The kobold hits you with a +0 short sword. x2
The kobold misses you.
You hit the kobold. You burn the kobold.
You kill the kobold!
The kobold closely misses you.
You barely miss the kobold. Your kick misses the kobold.
The kobold closely misses you. The kobold barely misses you.
The kobold hits you with a +0 short sword.
You barely miss the kobold. The kobold hits you but does no damage.
The kobold barely misses you.
The kobold hits you with a +0 short sword.
The kobold closely misses you.
You hit the kobold. You burn the kobold.
You kill the kobold!
The kobold hits you but does no damage.
The kobold hits you with a +0 short sword.
* * * LOW HITPOINT WARNING * * *
The kobold closely misses you.
You hit the kobold but do no damage. Your headbutt misses the kobold.
Your transformation is almost over.
The kobold hits you with a +0 club.
* * * LOW HITPOINT WARNING * * *
The kobold misses you. The kobold hits you with a +0 whip.
* * * LOW HITPOINT WARNING * * *
It was a potion of mutation.
You feel extremely strange.
You feel robust. The kobold hits you with a +0 club.
You die...

....#.............###.#
...................##.#
......(............##.###
..>.....................#
........................♣
......................<.#
........................♣
....#............K......#
######.......###@)'###..♣
####...## #KK.# ##...
#...# .....# .♣. ######
##.#.# .......#
.....###..#.##.......#
.......(....##.......#
####.##.##..##.......# #
#.).....###....#### #
###.....#


You could see 3 kobolds.

Vanquished Creatures
  8 adders (D:2)
  15 ball pythons
  2 bats
  2 endoplasms
  A giant cockroach (D:1)
  4 hobgoblins
  2 jackals (D:2)
  8 kobolds
  2 quokkas
  2 frilled lizards (D:1)
  10 goblins
  3 rats (D:1)
59 creatures vanquished.

Vanquished Creatures (others)
  7 toadstools (D:2)
7 creatures vanquished.

Grand Total: 66 creatures vanquished

Notes
Turn   | Place    | Note
-------+----------+-------------------------------------------
     0 | D:1      | rabbitsville the Demigod Transmuter began the quest for the
                  | Orb.
     0 | D:1      | Reached XP level 1. HP: 15/15 MP: 5/5
   492 | D:1      | Reached XP level 2. HP: 16/22 MP: 5/7
  1270 | D:2      | Reached XP level 3. HP: 12/27 MP: 8/8
  1848 | D:2      | Reached XP level 4. HP: 23/34 MP: 10/10
  2587 | D:2      | Gained mutation: You are robust. (+10% HP) [potion of
                  | mutation]
  2587 | D:2      | Slain by a kobold

Illustrated notes

Levels and vault maps discovered:
D:1:      mushboom_english_gardens, layout_rooms,
          hellmonk_ecumenical_altar_zigzags, serial_aquarium,
          aquarium_bridge_square [aquarium_subvault_wall,
          aquarium_subvault_bridge, aquarium_subvault_wall,
          aquarium_subvault_bridge], aquarium_window_corner,
          aquarium_window_fake, aquarium_window_2, aquarium_window_1,
          aquarium_view_2f, aquarium_view_2c, aquarium_pool_2
D:2:      cheibrodos_fertilizer, layout_rooms, serial_forest,
          infiniplex_forest_lined_2, infiniplex_forest_clump_large,
          infiniplex_forest_lined_2, infiniplex_forest_lined_2,
          infiniplex_forest_straight_3, infiniplex_forest_lined_corner,
          minmay_snake_closets

Skill      XL: |  1  2  3 |
---------------+----------+-----
Transmutations | 2 3 |  3.5
Spellcasting   | 2 |  2.6
Unarmed Combat | 3 |  3.4
Fighting       | |  0.8
Dodging        | |  1.7

Action                   |  1- 3 |  4- 6 || total
-------------------------+-------+-------++-------
Melee: Unarmed           |    43 |       ||    43
       Kick              |    12 |     1 ||    13
       Headbutt          |     7 |       ||     7
       Dagger            |    60 |    44 ||   104
       Punch             |     2 |       ||     2
 Cast: Beastly Appendage |    12 |     4 ||    16
  Use: Potion            |       |     1 ||     1
 Stab: Sleeping          |       |     4 ||     4
Armor: Robe              |    21 |     4 ||    25
Dodge: Dodged            |    87 |    35 ||   122

Table legend: (Time is in decaauts)
 A = Elapsed time spent in this place.
 B = Non-inter-level travel time spent in this place.
 C = Inter-level travel time spent in this place.
 D = Time resting spent in this place.
 E = Time spent auto-exploring this place.
 F = Levels seen in this place.
 G = Mean time per level.
                   A        B        C        D        E       F      G
               +--------+--------+--------+--------+--------+-----+--------+
         Total |   2584 |   2549 |     35 |    219 |   1696 |   2 | 1292.0 |
       Dungeon |   2584 |   2549 |     35 |    219 |   1696 |   2 | 1292.0 |
               +--------+--------+--------+--------+--------+-----+--------+

Top non-repeatable levels by time:
     D:2: 1380 daAuts
     D:1: 1203 daAuts
